 Dungeon Crawl Stone Soup version 0.31-a0-117-g42d8f58691 (webtiles) character file.

Game seed: 16516714302661057362

313 JoshKwa the Gusty (level 6, -2/52 HPs)
             Began as a Naga Air Elementalist on May 29, 2023.
             Slain by Duvessa
             ... wielding a +0 short sword
              (8 damage)
             ... on level 7 of the Dungeon on May 30, 2023.
             The game lasted 00:22:54 (3889 turns).

JoshKwa the Gusty (Naga Air Elementalist)           Turns: 3889, Time: 00:22:54

Health: -2/52      AC: 22    Str: 12    XL:     6   Next: 43%
Magic:  10/10      EV: 19    Int: 16    God:
Gold:   164        SH:  0    Dex: 11    Spells: 7/11 levels left

rFire   x . .        m - +8 spear of the Summoning Gods {holy, Fragile rElec rPois}
rCold   + + +        (no shield)
rNeg    + . .        s - +0 ice dragon scales
rPois   +            (no helmet)
rElec   +            d - +0 cloak "Hanid" {rC+}
rCorr   .            (no gloves)
SInv    +            f - +10 Black Knight's barding {ponderous, rPois rN+}
Will    +....        u - amulet of the acrobat
Stlth   +            c - ring of willpower
HPRegen 0.28/turn    (no ring)
MPRegen 0.12/turn

%: acrobat
@: acrobatic, very slow
A: AC +2, large, see invisible, deformed body, poison resistance, slowness 2,
spit poison 1, naga tail 1
a: Spit Poison


You were on level 7 of the Dungeon.
You visited 1 branch of the dungeon, and saw 7 of its levels.

You collected 200 gold pieces.
You spent 36 gold pieces at shops.

Inventory:

Hand Weapons
 e - the +8 whip of the Living Dead {freeze, rPois rC+ Str+2 Int+2}
   (You found it on level 3 of the Dungeon)

   Str:       It affects your strength (+2).
   Int:       It affects your intelligence (+2).
   rC:        It protects you from cold.
   rPois:     It protects you from poison.
 g - a +3 short sword
 m - the +8 spear of the Summoning Gods (weapon) {holy, Fragile rElec rPois}
   (You found it on level 3 of the Dungeon)

   rElec:     It insulates you from electricity.
   rPois:     It protects you from poison.
   Fragile:   It will be destroyed if unequipped.
Armour
 a - a +0 robe
 d - the +0 cloak "Hanid" (worn) {rC+}
   (You acquired it on level 3 of the Dungeon)

   rC:        It protects you from cold.
 f - the +10 Black Knight's barding (worn) {ponderous, rPois rN+}
   (You acquired it on level 7 of the Dungeon)

   rPois:     It protects you from poison.
   rN:        It protects you from negative energy.
 r - a +1 robe of willpower
 s - +0 ice dragon scales (worn)
Magical Staves
 b - a staff of conjuration
Jewellery
 c - a ring of willpower (left hand)
 u - an amulet of the acrobat (around neck)
Wands
 p - a wand of polymorph (6)
Scrolls
 i - a scroll of enchant armour
Potions
 k - a potion of brilliance


   Skills:
 * Level 2.1 Fighting
 + Level 0.9(1.0) Maces & Flails
 + Level 0.9(1.0) Polearms
 + Level 0.4(1.0) Staves
 + Level 1.1 Armour
 + Level 2.7 Dodging
 + Level 3.3 Stealth
 * Level 3.3 Spellcasting
 + Level 2.1 Conjurations
 + Level 3.6 Air Magic


You had 7 spell levels left.
You knew the following spells:

 Your Spells              Type           Power      Damage    Failure   Level
a - Shock                 Conj/Air       44%        1d5       38%         1
b - Static Discharge      Conj/Air       22%        2-3/arc   54%         2
c - Magic Dart            Conj           36%        1d4       50%         1

Your spell library contained the following spells:

 Spells                   Type           Power      Damage    Failure   Level
 Swiftness                Air            14%        N/A       67%         3
 Mephitic Cloud           Conj/Pois/Air  8%         N/A       88%         3
 Vhi's Electric Charge    Tloc/Air       16%        N/A       89%         3
 Call Imp                 Summ           4%         N/A       91%         2
 Airstrike                Air            7%         2d(1-17)  97%         4
 Arcjolt                  Conj/Air       5%         1d15      100%        5
 Maxwell's Capacitive Co  Air            7%         ∞         100%        8


Dungeon Overview and Level Annotations

Branches:
Dungeon (7/15)
 Temple: D:4-7

Altars:
The Shining One

Shops:
D:4 *![

Annotations:
D:7 Duvessa


Innate Abilities, Weirdness & Mutations

Your serpentine skin is tough. (AC +2)
You have supernaturally acute eyesight. (SInv)
Armour fits poorly on your strangely shaped body.
Your system is resistant to poisons. (rPois)
You cover ground very slowly.
You can spit poison.
You have a snake-like lower body.


Message History

You hear an angry buzzing noise.
Duvessa misses you.
You hear a shout!
You closely miss Duvessa.
Duvessa is lightly wounded.
Duvessa hits you with a +0 short sword. Duvessa barely misses you.
You puncture Duvessa!
Duvessa is lightly wounded.
Duvessa hits you with a +0 short sword!
A hornet comes into view.
Duvessa hits you with a +0 short sword.
The orc priest mumbles some strange prayers to Beogh against you.
Beogh smites you!
You hit Duvessa.
Duvessa is moderately wounded.
Duvessa hits you with a +0 short sword!
* * * LOW HITPOINT WARNING * * *
Unknown command.
As you read the scroll labelled BAGANA ROPUNG, it crumbles to dust.
You feel aware of your surroundings.
You sensed 1 shop/portal.
It was a scroll of magic mapping.
Duvessa hits you but does no damage. Duvessa hits you with a +0 short sword.
* * * LOW HITPOINT WARNING * * *
As you read the scroll labelled WOUGO OTTIGH, it crumbles to dust.
It is a scroll of amnesia.
Really abort (and waste the scroll)?
Uppercase [Y]es or [N]o only, please.
Really abort (and waste the scroll)?
Okay, then.
Duvessa hits you but does no damage.
An orc comes into view. It is wielding a +0 whip.
The orc shouts!
Duvessa closely misses you. Duvessa misses you.
Duvessa hits you but does no damage. Duvessa hits you but does no damage.
Okay, then.
Duvessa rages.
Duvessa misses you. Duvessa hits you with a +0 short sword!
You die...

###**#.,..#
#..,,,.#..#
#.#***....# #.#
*#.#.# #.#####.#.#
####....##.#.###
###...............
#............#.##.
#@#.##.#######.#*,
###e#)##)#######.#*>
#o....##.........#**
#o###.############
#h# #.# #.###.#
#.....# ###oo## #.o#


You could see Duvessa (berserk), a black bear and an orc.

Vanquished Creatures
  An ogre (D:5)
  Dowan (D:7)
  An iguana (D:5)
  Jessica (D:2)
  An orc wizard (D:5)
  A gnoll (D:7)
  2 adders
  3 worms
  A dart slug (D:2)
  9 orcs
  An endoplasm (D:4)
  A giant cockroach (D:1)
  3 goblins
  3 hobgoblins (D:1)
  5 jackals (D:1)
  4 quokkas
  8 ball pythons
  5 bats
  3 kobolds
  7 rats
61 creatures vanquished.

Notes
Turn   | Place    | Note
-------+----------+-------------------------------------------
     0 | D:1      | JoshKwa the Naga Air Elementalist began the quest for the
                  | Orb.
     0 | D:1      | Reached XP level 1. HP: 15/15 MP: 3/3
   252 | D:1      | Reached XP level 2. HP: 24/24 MP: 1/5
   256 | D:1      | Learned a level 2 spell: Static Discharge
   930 | D:2      | Reached skill level 1 in Fighting
   946 | D:2      | Reached XP level 3. HP: 20/31 MP: 1/6
  1457 | D:2      | Upgraded the game from 0.31-a0-115-g4708a659fe to
                  | 0.31-a0-117-g42d8f58691
  1869 | D:2      | Noticed Jessica
  1877 | D:2      | Learned a level 1 spell: Magic Dart
  1941 | D:3      | Identified a scroll of acquirement
  1941 | D:3      | Acquired the +0 cloak "Hanid" {rC+}
  1956 | D:3      | Identified the +8 whip of the Living Dead {freeze, rPois
                  | rC+ Str+2 Int+2}
  2198 | D:3      | Reached XP level 4. HP: 21/38 MP: 8/8
  2338 | D:3      | Found a glowing golden altar of the Shining One.
  2404 | D:3      | Identified the +8 spear of the Summoning Gods {holy,
                  | Fragile rElec rPois}
  2548 | D:2      | Killed Jessica
  2940 | D:4      | Found Jupeotsa's General Store.
  2940 | D:4      | Found Oler's Distillery.
  2942 | D:4      | Found Reohiu Micis's Antique Armour Emporium.
  2974 | D:4      | Bought a potion of curing for 36 gold pieces
  3353 | D:5      | Entered Level 5 of the Dungeon
  3356 | D:5      | Noticed an ogre
  3362 | D:5      | Killed an ogre
  3363 | D:5      | Reached skill level 1 in Armour
  3363 | D:5      | Reached XP level 5. HP: 20/45 MP: 6/9
  3371 | D:5      | Reached XP level 6. HP: 29/52 MP: 7/10
  3498 | D:5      | HP: 2/52 [iguana (6)]
  3514 | D:6      | HP: 2/52 [gnoll/+0 spear (2)]
  3847 | D:7      | Noticed Dowan
  3848 | D:7      | Acquired the +10 Black Knight's barding {ponderous, rPois
                  | rN+}
  3848 | D:7      | Found the +10 Black Knight's barding {ponderous, rPois rN+}
  3863 | D:7      | Killed Dowan
  3874 | D:7      | Noticed Duvessa
  3874 | D:7      | Noticed a black bear
  3881 | D:7      | Noticed a hornet
  3889 | D:7      | Slain by Duvessa

Illustrated notes

Levels and vault maps discovered:
D:1:      dpeg_chamrin_arrival_tetris, layout_basic
D:2:      layout_loops_cross, kennysheep_donut, chequers_serial_rivers_micro_d,
          serial_bayou_lagoon_a, uniq_jessica
D:3:      layout_rooms, old_standard_altar, minmay_misc_feat_square,
          interstate_on_off
D:4:      layout_basic, hangedman_decor_slide_cut,
          nicolae_shop_distant_corner_stores
D:5:      layout_loops_corners, zin_treasury, st_stairs_9,
          minmay_misc_feat_pillars
D:6:      layout_rooms, nicolae_dithmenos_shadow_blocks,
          lemuel_temple_firewalk_b, moated_statue
D:7:      layout_loops_ring, nicolae_ossuary_entry_false_entrances,
          chequers_serial_rivers_micro_d, uniq_duvessa, uniq_prince_ribbit1

Skill      XL: |  1  2  3  4  5 |
---------------+----------------+-----
Fighting       | 1 2 |  2.1
Spellcasting   | 3 |  3.3
Armour         | 1 |  1.1
Dodging        | 2 |  2.7
Conjurations   | 2 |  2.1
Maces & Flails | |  0.9
Polearms       | |  0.9
Staves         | |  0.4
Stealth        | |  3.3
Air Magic      | |  3.6

Action                     |  1- 3 |  4- 6 || total
---------------------------+-------+-------++-------
  Melee: Unarmed           |     3 |       ||     3
         Staff             |    28 |       ||    28
         Whip              |    19 |    12 ||    31
         Spear             |       |    69 ||    69
   Cast: Shock             |    41 |     3 ||    44
         Magic Dart        |     2 |     2 ||     4
         Static Discharge  |     2 |     2 ||     4
  Evoke: Wand              |       |     2 ||     2
    Use: Potion            |     2 |     7 ||     9
         Scroll            |    11 |     5 ||    16
 Armour: Robe              |    11 |    15 ||    26
         Skin              |     1 |     1 ||     2
         Ice dragon scales |       |    34 ||    34
  Dodge: Dodged            |    68 |    54 ||   122

Table legend: (Time is in decaauts)
 A = Elapsed time spent in this place.
 B = Non-inter-level travel time spent in this place.
 C = Inter-level travel time spent in this place.
 D = Time resting spent in this place.
 E = Time spent auto-exploring this place.
 F = Levels seen in this place.
 G = Mean time per level.
                   A        B        C        D        E       F      G
               +--------+--------+--------+--------+--------+-----+--------+
         Total |   4654 |   4135 |    519 |   1609 |      0 |   7 |  664.9 |
       Dungeon |   4654 |   4135 |    519 |   1609 |      0 |   7 |  664.9 |
               +--------+--------+--------+--------+--------+-----+--------+

Top non-repeatable levels by time:
     D:2: 1368 daAuts
     D:1: 1129 daAuts
     D:4: 805 daAuts
     D:3: 753 daAuts
     D:7: 385 daAuts
     D:5: 190 daAuts
     D:6: 20 daAuts
